 Dungeon Sprint DCSS version 0.31.0-9-g3a7656b989 (webtiles) character file.

Game seed: 8178939496022929624

5 Groucho the Sneak (level 1, -12/18 HPs)
             Began as an Armataur Brigand on Feb 3, 2024.
             Mangled by an ogre
             ... wielding a +0 giant club
              (30 damage)
             ... in the Dungeon (Sprint IX: "|||||||||||||||||||||||||||||").
             The game lasted 00:00:25 (11 turns).

Groucho the Sneak (Armataur Brigand)                  Turns: 11, Time: 00:00:26

Health: -12/18     AC:  5    Str: 16    XL:     1   Next: 66%
Magic:  1/1        EV:  9    Int: 11    God:
Gold:   0          SH:  0    Dex: 11    Spells: 0/0 levels left

rFire   . . .        a - +2 dagger
rCold   . . .        (no shield)
rNeg    . . .        b - +0 robe
rPois   .            (no helmet)
rElec   .            c - +0 cloak
rCorr   .            (no gloves)
SInv    .            (no barding)
Will    .....        (no amulet)
Stlth   +++          (no ring)
HPRegen 0.23/turn    (no ring)
MPRegen 2.05/turn

%: no teleportation, roll
@: no status effects
A: large, deformed body, tough skin 3, armoured tail, roll 1
a: no special abilities


You were in the Dungeon.
You visited 1 branch

Inventory:

Hand Weapons
 a - a +2 dagger (weapon)
Missiles
 d - 9 poisoned darts (quivered)
 e - 3 curare-tipped darts
Armour
 b - a +0 robe (worn)
 c - a +0 cloak (worn)
Scrolls
 k - a scroll of blinking
Potions
 f - a potion of curing
 g - a potion of heal wounds
 h - a potion of haste
 i - 2 potions of magic
 j - a potion of berserk rage


   Skills:
 + Level 2.3 Fighting
 + Level 2.3 Short Blades
 - Level 1.7 Throwing
 + Level 1.3 Dodging
 + Level 4.8 Stealth


You couldn't memorise any spells.
You didn't know any spells.
Your spell library was empty.

Dungeon Overview and Level Annotations

Branches:
Dungeon (1/1)

Altars:


Innate Abilities, Weirdness & Mutations

Armour fits poorly on your strangely shaped body.
You have extremely tough skin. (AC +3)
You have a long armoured tail.
You regenerate magic when rolling toward enemies. (Rampage MPRegen)


Message History

You impale the hobgoblin!!
You kill the hobgoblin!
Your Fighting skill increases to level 2!
Your Short Blades skill increases to level 2!
Your Dodging skill increases to level 1!
Unknown command.
Unknown command.
You roll towards the bat!
The helpless bat fails to defend itself.
You impale the bat!!
You kill the bat!
Unknown command.
Unknown command.
You roll towards the endoplasm!
The helpless endoplasm fails to defend itself.
You puncture the endoplasm!
You kill the endoplasm!
Unknown command.
Unknown command.
You roll towards the kobold!
The helpless kobold fails to defend itself.
You impale the kobold!!
You kill the kobold!
Unknown command.
You roll towards the bat!
The helpless bat fails to defend itself.
You impale the bat!!
You kill the bat!
Unknown command.
You see here a bat corpse.
Okay, then.
You open the door.
A bombardier beetle, a white imp, a black bear, a sleepcap and an ogre come into view.
You roll towards the ogre!
The helpless ogre fails to defend itself.
You impale the ogre!!
The ogre is severely wounded.
The ogre hits you with a +0 giant club!!
Ouch! That really hurt!
You die... ▓▓▓▓▓▓▓▓▓▓▓▓▓▓▓▓▓▓ +B5hfO@†)..†'...<▓ ▓▓▓▓▓▓▓▓▓▓▓▓▓▓▓▓▓▓

You could see a black bear (asleep), an ogre, a sleepcap (dormant), a bombardier beetle (asleep) and a white imp (asleep).

Vanquished Creatures
  An endoplasm (D)
  A hobgoblin (D)
  2 bats (D)
  A kobold (D)
5 creatures vanquished.

Notes
Turn   | Place    | Note
-------+----------+-------------------------------------------
     0 | D        | Groucho the Armataur Brigand began the quest for the Orb.
     0 | D        | Reached XP level 1. HP: 17/17 MP: 1/1
     5 | D        | Reached skill level 1 in Dodging
    10 | D        | Noticed a bombardier beetle
    10 | D        | Noticed a black bear
    10 | D        | Noticed a sleepcap
    10 | D        | Noticed an ogre
    11 | D        | Mangled by an ogre

Illustrated notes

Levels and vault maps discovered:
D:        linesprint [early_d, line_temple, items_1, d_10, items_2, lair_1,
          lair_end, items_3, orc_1, orc_end, items_4, d_15, swamp_1, shoals_1,
          snake_1, spider_1, d_20, vaults_1, items_5, swamp_end, shoals_end,
          snake_end, spider_end, vaults_end, d_27, items_6, zot_1, zot_end,
          crypt_end, forest_end, elf_end, slime_end, tomb_end, abyss_end,
          pan_hell_end]

Skill      XL: |  1 |
---------------+----+-----
Fighting       | 2 |  2.3
Short Blades   | 2 |  2.3
Dodging        | 1 |  1.3
Throwing       | |  1.7
Stealth        | |  4.8

Action                     || total
---------------------------++-------
  Melee: Dagger            ||     6
   Stab: Sleeping          ||     6
 Armour: Robe              ||     1
